 Dungeon Crawl Stone Soup version 0.28-a0-519-gbfeecf2fc5 (webtiles) character file.

Game seed: 12042307683356067611

719 heikuro the Chopper (level 7, -5/63 HPs)
             Began as a Minotaur Fighter on Sept 24, 2021.
             Slain by a killer bee (7 damage)
             ... on level 4 of the Dungeon.
             The game lasted 00:05:08 (4054 turns).

heikuro the Chopper (Minotaur Fighter)              Turns: 4054, Time: 00:05:09

Health: -5/63      AC:  8    Str: 26    XL:     7   Next: 42%
Magic:  6/6        EV: 10    Int:  5    God:
Gold:   197        SH:  5    Dex: 12    Spells: 6/6 levels left

rFire   . . .      SeeInvis .   a - +0 war axe
rCold   . . .      Faith    .   c - +0 buckler
rNeg    . . .      Spirit   .   b - +0 scale mail
rPois   .          Reflect  .   (helmet restricted)
rElec   .          Harm     .   n - +0 cloak of Zummaus {Str+4 Dex+2 Stlth+}
rCorr   .          Rampage  .   (no gloves)
Will    .....                   (no boots)
Stlth   +.........              (no amulet)
HPRegen 0.20/turn               (no ring)
MPRegen 0.10/turn               (no ring)

@: lethally poisoned (-5 -> -18)
A: horns 2, retaliatory headbutt
a: no special abilities


You were on level 4 of the Dungeon.
You visited 1 branch of the dungeon, and saw 4 of its levels.

You collected 197 gold pieces.

Inventory:

Hand Weapons
 a - a +0 war axe (weapon)
Missiles
 f - 2 javelins (quivered)
 r - a poisoned dart
Armour
 b - a +0 scale mail (worn)
 c - a +0 buckler (worn)
 n - the +0 cloak of Zummaus (worn) {Str+4 Dex+2 Stlth+}
   (You found it on level 3 of the Dungeon)

   Str:       It affects your strength (+4).
   Dex:       It affects your dexterity (+2).
   Stlth:     It makes you more stealthy.
Scrolls
 g - a scroll of noise {unknown}
 h - 2 scrolls of teleportation {unknown}
 k - a scroll of magic mapping {unknown}
 l - a scroll of fear {unknown}
 m - 2 scrolls of fog {unknown}
 p - 2 scrolls of identify {unknown}
 s - a scroll of blinking {unknown}
 u - a scroll of amnesia {unknown}
Potions
 d - a potion of might
 e - a potion of mutation {unknown}
 o - a potion of haste


   Skills:
 + Level 6.0 Fighting
 * Level 7.2 Axes
 + Level 6.0 Armour
 - Level 4.0 Shields


You had 6 spell levels left.
You didn't know any spells.
Your spell library contained the following spells:

 Spells                   Type           Power      Damage    Failure   Level
 Pain                     Necr           0%         1d4       75%         1
 Agony                    Necr           0%         N/A       100%        5
 Excruciating Wounds      Necr           0%         N/A       100%        5


Dungeon Overview and Level Annotations

Branches:
Dungeon (4/15)
 Temple: D:4-7

Altars:
Nemelex Xobeh
Ru


Innate Abilities, Weirdness & Mutations

You have a pair of horns on your head.
You reflexively headbutt those who attack you in melee.


Message History

You miss the killer bee.
The killer bee is severely wounded.
The killer bee barely misses you.
The killer bee stings you but does no damage.
Unknown command.
You miss the killer bee. Your headbutt misses the killer bee.
The killer bee is severely wounded.
The killer bee stings you.
* * * LOW HITPOINT WARNING * * *
You block the killer bee's attack.
Unknown command.
Your scale mail prevents you from hitting the killer bee.
Your headbutt misses the killer bee.
The killer bee is severely wounded.
The killer bee barely misses you.
The killer bee stings you but does no damage.
You hit the killer bee but do no damage.
Your headbutt misses the killer bee.
The killer bee is severely wounded.
The killer bee misses you. The killer bee stings you.
* * * LOW HITPOINT WARNING * * *
The killer bee stings you but does no damage.
You hit the killer bee but do no damage.
Your headbutt misses the killer bee.
The killer bee is severely wounded.
The killer bee stings you.
* * * LOW HITPOINT WARNING * * *
You are lethally poisoned!
The killer bee poisons you! The killer bee stings you.
* * * LOW HITPOINT WARNING * * *
You are more poisoned.
The killer bee poisons you!
Okay, then.
Unknown command.
You closely miss the killer bee.
The killer bee is severely wounded.
* * * LOW HITPOINT WARNING * * *
You feel very sick. The killer bee stings you!
You die...

.................... ###
.......###.........# ...
##...#####.........# ./..
...................#..?..
##.#######.........#.....
#.)# #.............. #.##
#.....#....... #.#
##########†y.# #.#
#.........@###
..#####........###
....)).........#
.######........# .#
#........# .# ##########
.# .# ##


You could see a killer bee.

Vanquished Creatures
  3 ogres
  A scorpion (D:4)
  4 killer bees (D:4)
  An orc priest (D:4)
  A bullfrog skeleton (D:4)
  2 orc wizards (D:4)
  5 adders
  An adder skeleton (D:4)
  A worm (D:2)
  4 dart slugs
  5 orcs (D:4)
  4 bats
  3 endoplasms
  3 giant cockroaches
  5 goblins
  11 hobgoblins
  12 jackals
  3 quokkas
  A ball python (D:3)
  2 frilled lizards
  5 kobolds
  A quokka skeleton (D:4)
  6 rats
84 creatures vanquished.

Notes
Turn   | Place    | Note
-------+----------+-------------------------------------------
     0 | D:1      | heikuro the Minotaur Fighter began the quest for the Orb.
     0 | D:1      | Reached XP level 1. HP: 19/19 MP: 0/0
   282 | D:1      | Reached XP level 2. HP: 27/27 MP: 1/1
   428 | D:1      | Reached skill level 3 in Axes
   489 | D:1      | Found a faded altar of an unknown god.
   666 | D:2      | Reached XP level 3. HP: 33/33 MP: 2/2
  2001 | D:3      | Reached XP level 4. HP: 37/40 MP: 3/3
  2027 | D:3      | Found a sparkling altar of Nemelex Xobeh.
  2121 | D:3      | Reached skill level 4 in Axes
  2414 | D:3      | Identified the +0 cloak of Zummaus {Str+4 Dex+2 Stlth+}
  2526 | D:3      | Found a sacrificial altar of Ru.
  2639 | D:3      | Noticed an ogre
  2659 | D:3      | Killed an ogre
  2660 | D:3      | Reached skill level 5 in Axes
  2660 | D:3      | Reached XP level 5. HP: 33/47 MP: 4/4
  3046 | D:4      | Noticed an ogre
  3076 | D:4      | HP: 2/70 [poisoned by a scorpion]
  3085 | D:4      | Reached skill level 5 in Fighting
  3085 | D:4      | Reached skill level 5 in Armour
  3085 | D:4      | Reached XP level 6. HP: 17/56 MP: 5/5
  3452 | D:4      | Reached skill level 6 in Axes
  3548 | D:4      | Reached XP level 7. HP: 27/61 MP: 6/6
  3766 | D:4      | Reached skill level 7 in Axes
  4054 | D:4      | HP: 2/63 [poisoned by a killer bee]
  4054 | D:4      | Slain by a killer bee

Illustrated notes

Levels and vault maps discovered:
D:1:      ncdulo_halloftheorcs, layout_rooms, hellmonk_ecumenical_altar_run_dry
D:2:      layout_basic
D:3:      layout_loops_cross, mainiacjoe_overflow_small_starburst,
          mainiacjoe_overflow_24_doors, minmay_checkerbox
D:4:      layout_rooms, grunt_decor_mini_mirrors, grunt_decor_arrowhead

Skill      XL: |  1  2  3  4  5  6  7 |
---------------+----------------------+-----
Axes           | 3 5 6 7 |  7.2
Fighting       | 4 5 6 |  6.0
Shields        | 4 |  4.0
Armour         | 4 5 6 |  6.0

Action                   |  1- 3 |  4- 6 |  7- 9 || total
-------------------------+-------+-------+-------++-------
Melee: War axe           |    78 |    88 |    33 ||   199
       Headbutt          |    15 |    18 |     2 ||    35
Throw: Javelin           |       |     4 |       ||     4
       Dart              |       |     3 |       ||     3
  Use: Potion            |       |     7 |       ||     7
Armor: Scale mail        |    32 |    31 |    27 ||    90
       Skin              |       |     3 |       ||     3
Dodge: Dodged            |    36 |    47 |    28 ||   111
Block: Buckler           |    11 |    20 |    11 ||    42

Table legend: (Time is in decaauts)
 A = Elapsed time spent in this place.
 B = Non-inter-level travel time spent in this place.
 C = Inter-level travel time spent in this place.
 D = Time resting spent in this place.
 E = Time spent auto-exploring this place.
 F = Levels seen in this place.
 G = Mean time per level.
                   A        B        C        D        E       F      G
               +--------+--------+--------+--------+--------+-----+--------+
         Total |   4108 |   4016 |     92 |   1267 |   1994 |   4 | 1027.0 |
       Dungeon |   4108 |   4016 |     92 |   1267 |   1994 |   4 | 1027.0 |
               +--------+--------+--------+--------+--------+-----+--------+

Top non-repeatable levels by time:
     D:2: 1332 daAuts
     D:3: 1124 daAuts
     D:4: 986 daAuts
     D:1: 664 daAuts
